 Dungeon Crawl Stone Soup version 0.24.1-1-gd1d2a07e1b (webtiles) character file.

Game seed: 10767985132349170700, levelgen mode: deterministic

59 nightchill the Caller (level 3, 0/26 HPs)
             Began as a Vampire Summoner on Apr 7, 2020.
             Killed from afar by Natasha (3 damage)
             ... with a magic dart
             ... on level 3 of the Dungeon.
             The game lasted 00:08:37 (3726 turns).

nightchill the Caller (Vampire Summoner)            Turns: 3726, Time: 00:08:37

Health: 0/26       AC:  4    Str:  7    XL:     3   Next: 78%
Magic:  1/6        EV: 12    Int: 18    God:
Gold:   150        SH:  0    Dex: 14    Spells: 3/6 levels left

rFire    . . .     SeeInvis +   b - +0 dagger (curse)
rCold    . . .     Gourm    .   (no shield)
rNeg     . . .     Faith    .   m - +0 robe (curse)
rPois    .         Spirit   .   k - +0 helmet
rElec    .         Reflect  .   (no cloak)
rCorr    .         Harm     .   f - +0 pair of gloves
MR       .....                  (no boots)
Stlth    ++........             (no amulet)
HPRegen  0.28/turn              (no ring)
MPRegen  0.10/turn              (no ring)

@: regenerating quickly
A: no food, fangs 3, see invisible, unbreathing
a: Exsanguinate


You were on level 3 of the Dungeon.
You were alive.

You visited 1 branch of the dungeon, and saw 3 of its levels.

You collected 150 gold pieces.

Inventory:

Hand Weapons
 b - a cursed +0 dagger (weapon)
 n - a +0 spear
Missiles
 d - 64 stones (quivered)
Armour
 a - a +0 robe
 f - a +0 pair of gloves (worn)
 k - a +0 helmet (worn)
 m - a cursed +0 robe (worn)
Wands
 p - a wand of flame (13)
Scrolls
 c - a scroll of noise {unknown}
 g - 3 scrolls of identify {unknown}
 h - a scroll of fog {unknown}
 j - 2 scrolls of teleportation {unknown}
 o - 2 scrolls of remove curse {unknown}
Potions
 e - 2 potions of agility {unknown}
 i - a potion of ambrosia {unknown}
 l - 3 potions of brilliance {unknown}
 q - a potion of might {unknown}
 r - a potion of heal wounds {unknown}


   Skills:
 + Level 1.5 Fighting
 - Level 2.1 Dodging
 - Level 3.0 Stealth
 - Level 2.0 Spellcasting
 * Level 5.0 Summonings


You had 3 spell levels left.
You knew the following spells:

 Your Spells              Type           Power        Failure   Level  Hunger
a - Summon Small Mammal   Summ           ###.         2%          1    N/A
b - Call Imp              Summ           ###.....     3%          2    N/A

Your spell library contained the following spells:

 Spells                   Type           Power        Failure   Level  Hunger
 Call Canine Familiar     Summ           ###.....     7%          3    N/A
 Summon Guardian Golem    Hex/Summ       ##......     19%         3    N/A
 Summon Ice Beast         Ice/Summ       ##......     54%         4    N/A
 Summon Lightning Spire   Summ/Air       ##......     54%         4    N/A

Dungeon Overview and Level Annotations

Branches:
Dungeon (3/15)

Altars:
Qazlal

Annotations:
D:2 exclusion: downstairs
D:3 Natasha, Sigmund


Innate Abilities, Weirdness & Mutations

You do not eat.
Your natural rate of healing is unusually fast.
You have razor-sharp teeth.
You have supernaturally acute eyesight. (SInv)
You can survive without breathing.


Message History

The puff of frost hits your quokka!
Your quokka dies!
Your quokka's corpse disappears in a puff of smoke!
The white imp gestures at you. The puff of frost hits your quokka!
Your quokka dies!
Your quokka's corpse disappears in a puff of smoke!
The white imp gestures at you. The puff of frost hits you!
* * * LOW HITPOINT WARNING * * *
The white imp gestures at you. The puff of frost hits you.
* * * LOW HITPOINT WARNING * * *
The white imp disappears in a puff of smoke!
Casting: Summon Small Mammal (safe; 2% risk of failure)
Confirm with . or Enter, or press ? or * to list all spells.
A beastly little devil appears in a puff of flame.
Natasha casts a spell at you. The magic dart hits you.
You die...

#.# #.# # #.# ..
#.# ##.
.######.#########..
.....h...........#
#######.#######5#
#..h§....)# #
#########@## .#
##.###.# ##.<.#
#####


You could see Natasha and a friendly crimson imp.

Vanquished Creatures
  An adder (D:2)
  A worm (D:2)
  A dart slug (D:2)
  4 bats
  A giant cockroach (D:1)
  A goblin (D:2)
  5 hobgoblins
  2 jackals (D:1)
  A frilled lizard (D:2)
  4 kobolds
  5 rats
26 creatures vanquished.

Vanquished Creatures (collateral kills)
  2 leopard geckos (D:1)
  A ball python (D:2)
  3 giant cockroaches (D:1)
  6 goblins
  4 hobgoblins
  6 jackals
  4 bats (D:1)
  3 frilled lizards
  2 kobolds
31 creatures vanquished.

Grand Total: 57 creatures vanquished

Notes
Turn   | Place    | Note
-------+----------+-------------------------------------------
     0 | D:1      | nightchill the Vampire Summoner began the quest for the
                  | Orb.
     0 | D:1      | Reached XP level 1. HP: 13/13 MP: 3/3
   154 | D:1      | Reached XP level 2. HP: 11/20 MP: 1/5
   182 | D:1      | Learned a level 2 spell: Call Imp
   606 | D:1      | Reached skill level 1 in Fighting
  1301 | D:1      | Reached XP level 3. HP: 26/26 MP: 1/6
  3143 | D:2      | Reached skill level 5 in Summonings
  3507 | D:3      | Found a stormy altar of Qazlal.
  3516 | D:3      | Noticed Sigmund
  3698 | D:3      | Noticed Natasha
  3726 | D:3      | Killed from afar by Natasha

Levels and vault maps discovered:
D:1:      scummos_arrival_star, layout_basic, minmay_split_cup_large
D:2:      layout_basic, kennysheep_generic_room_11
D:3:      layout_loops_ring, nicolae_overflow_crystal_walls, fedhas_altar_2,
          uniq_ijyb, uniq_sigmund, uniq_natasha

Skill      XL: |  1  2  3 |
---------------+----------+-----
Fighting       | 1 |  1.5
Summonings     | 5 |  5.0
Dodging        | |  2.1
Stealth        | |  3.0
Spellcasting   | |  2.0

Action                   || total
-------------------------++-------
Melee: Dagger            ||   136
       Bite              ||    11
 Cast: Summon Small Mamm ||    92
       Call Imp          ||     5
 Stab: Sleeping          ||     6
Armor: Robe              ||    57
Dodge: Dodged            ||   138
